 Dungeon Crawl Stone Soup version 0.29.1-15-g9cfb28693d (webtiles) character file.

Game seed: 3079366576743101032

22 Alturiack the Grave Robber (level 2, -8/20 HPs)
             Began as a Hill Orc Necromancer on Apr 12, 2023.
             Mangled by a worm (10 damage)
             ... on level 2 of the Dungeon.
             The game lasted 00:04:48 (1564 turns).

Alturiack the Grave Robber (Hill Orc Necromancer)   Turns: 1564, Time: 00:04:49

Health: -8/20      AC:  5    Str: 10    XL:     2   Next: 91%
Magic:  1/4        EV: 20    Int: 15    God:
Gold:   31         SH:  0    Dex: 11    Spells: 3/4 levels left

rFire   . . .      SeeInvis .   l - +0 hand axe
rCold   . . .      Faith    .   (no shield)
rNeg    . . .      Spirit   .   a - +0 robe
rPois   .          Reflect  .   (no helmet)
rElec   .          Harm     .   (no cloak)
rCorr   .          Rampage  .   (no gloves)
Will    .....                   h - +2 pair of boots
Stlth   ++........              (no amulet)
HPRegen 0.06/turn               d - +4 ring of evasion
MPRegen 0.09/turn               e - +4 ring of evasion

@: no status effects
A: no striking features
a: no special abilities


You were on level 2 of the Dungeon.
You visited 1 branch of the dungeon, and saw 2 of its levels.

You collected 31 gold pieces.

Inventory:

Hand Weapons
 l - a +0 hand axe (weapon)
Armour
 a - a +0 robe (worn)
 h - a +2 pair of boots (worn)
 m - a +0 ring mail
Jewellery
 d - a +4 ring of evasion (left hand)
 e - a +4 ring of evasion (right hand)
Scrolls
 c - 2 scrolls of identify {unknown}
 g - a scroll of blinking {unknown}
Potions
 b - a potion of magic
 f - a potion of ambrosia {unknown}
 i - 2 potions of heal wounds {unknown}
 j - 2 potions of mutation {unknown}
 k - a potion of lignification {unknown}


   Skills:
 + Level 0.1 Fighting
 + Level 0.1 Axes
 + Level 1.1 Armour
 - Level 1.5 Dodging
 - Level 1.5 Stealth
 + Level 1.8 Spellcasting
 + Level 4.4 Necromancy


You had 3 spell levels left.
You knew the following spells:

 Your Spells              Type           Power      Damage    Failure   Level
a - Necrotise             Necr           56%        1d6       3%          1

Your spell library contained the following spells:

 Spells                   Type           Power      Damage    Failure   Level
 Vampiric Draining        Necr           14%        2d7       11%         3
 Animate Dead             Necr           14%        N/A       36%         4
 Agony                    Necr           14%        N/A       71%         5


Dungeon Overview and Level Annotations

Branches:
Dungeon (2/15)

Altars:
Hepliaklqana


Message History

The endoplasm freezes you.
You are frozen.
* * * LOW HITPOINT WARNING * * *
Casting: Necrotise (safe; 3% risk of failure)
Confirm with . or Enter, or press ? or * to list all spells.
Aiming: Necrotise (safe; 3% risk of failure)
Press: ? - help, Shift-Dir - straight line, f/p - worm
Aim: a worm (chance to affect: 78%)
You miscast Necrotise.
You are very lightly contaminated with residual magic.
Nothing appears to happen.
The endoplasm freezes you.
You are frozen.
* * * LOW HITPOINT WARNING * * *
You hit the endoplasm.
You kill the endoplasm!
A bat comes into view.
Casting: Necrotise (safe; 3% risk of failure)
Confirm with . or Enter, or press ? or * to list all spells.
You don't have enough magic to cast this spell.
The bat attacks as you move away! The bat hits you but does no damage.
The bat closely misses you. The worm misses you.
Your magical contamination has completely faded away.
You hit the worm.
The worm is moderately wounded.
The bat completely misses you.
You slash the worm!
The worm is severely wounded.
You closely miss the bat. The bat completely misses you.
The worm closely misses you. The bat completely misses you.
You hit the worm.
The worm is severely wounded.
You hit the bat but do no damage. The bat barely misses you.
The worm misses you. The bat hits you.
* * * LOW HITPOINT WARNING * * *
You hit the worm.
The worm is severely wounded.
You hit the bat. The bat barely misses you. The worm bites you!
Ouch! That really hurt!
You die...

.#####..####.# #.<# #.#
# #..## #.# #. #...# #.#
##. ##..# #.# ... #..#
#.# #.######.)###.#
#####....b........#
........@w........#
.############..##.######
#..........##
##.##........
#.##.:......
#.##.####.## #.##.# .#
#.##.# .# #.##.# ..


You could see a worm and a bat.

Vanquished Creatures
  3 dart slugs (D:1)
  3 endoplasms
  2 giant cockroaches (D:1)
  2 goblins
  3 ball pythons (D:1)
  2 kobolds (D:1)
  A rat (D:1)
16 creatures vanquished.

Notes
Turn   | Place    | Note
-------+----------+-------------------------------------------
     0 | D:1      | Alturiack the Hill Orc Necromancer began the quest for the
                  | Orb.
     0 | D:1      | Reached XP level 1. HP: 14/14 MP: 3/3
   334 | D:1      | Reached XP level 2. HP: 17/20 MP: 1/4
   717 | D:1      | Reached skill level 1 in Armour
  1538 | D:2      | Found a hazy altar of Hepliaklqana.
  1564 | D:2      | Mangled by a worm

Illustrated notes

Levels and vault maps discovered:
D:1:      dpeg_arrival_pits, layout_basic
D:2:      layout_loops_ring, basic_altar, hellmonk_ecumenical_altar_watching_god

Skill      XL: |  1  2 |
---------------+-------+-----
Armour         | 1 |  1.1
Fighting       | |  0.1
Axes           | |  0.1
Dodging        | |  1.5
Stealth        | |  1.5
Spellcasting   | |  1.8
Necromancy     | |  4.4

Action                   || total
-------------------------++-------
Melee: Unarmed           ||     9
       Hand axe          ||    11
 Cast: Necrotise         ||    30
Armor: Robe              ||     2
Dodge: Dodged            ||    26
